 Dungeon Crawl Stone Soup version 0.22-a0-617-g6d95e9e (webtiles) character file.

6756 sking99 the Unseen (level 10, -36/51 HPs)
             Began as a Spriggan Enchanter on July 12, 2018.
             Was a Priest of Ashenzari.
             Annihilated by a minotaur
             ... wielding a +4 antimagic halberd
              (40 damage)
             ... in a labyrinth.
             The game lasted 00:46:24 (12820 turns).

sking99 the Unseen (Spriggan Enchanter)            Turns: 12820, Time: 00:46:25

Health: -36/51     AC:  3    Str:  5    XL:     10   Next: 75%
Magic:  0/24       EV: 25    Int: 19    God:    Ashenzari [***...]
Gold:   955        SH:  8    Dex: 17    Spells: 3/15 levels left

rFire    . . .     SeeInvis +   v - +1 dagger (drain) (curse)
rCold    . . .     Gourm    .   n - +0 buckler (curse)
rNeg     . . .     Faith    .   b - +0 robe (curse)
rPois    .         Spirit   .   (helmet restricted)
rElec    .         Reflect  .   u - +0 cloak (curse)
rCorr    .         Harm     .   (gloves unavailable)
MR       +....                  (boots unavailable)
Stlth    +++++++...             f - amulet of regeneration
HPRegen  0.57/turn              x - ring of wizardry
MPRegen  0.19/turn              c - ring of magical power

@: very slightly contaminated, invisible, very quick
A: very small, unfitting armour, see invisible, herbivore, speed 3, slow
metabolism 2
a: Curse Item, Scrying, Renounce Religion


You were in a labyrinth.
You worshipped Ashenzari.
Ashenzari was most pleased with you.
You were not hungry.

You visited 2 branches of the dungeon, and saw 11 of its levels.
You also visited: Labyrinth, Sewer and Bailey.

You collected 1100 gold pieces.
You spent 145 gold pieces at shops.

Inventory:

Hand Weapons
 v - a cursed +1 dagger of draining (weapon)
Armour
 b - a cursed +0 robe (worn)
 n - a cursed +0 buckler (worn)
 u - a cursed +0 cloak (worn)
Jewellery
 c - a ring of magical power (right hand)
 f - an amulet of regeneration (around neck)
 x - a ring of wizardry (left hand)
 H - an uncursed ring of protection from magic
Wands
 a - a wand of flame (31)
 i - a wand of polymorph (25)
 y - a wand of disintegration (7)
 C - a wand of random effects (56)
 E - a wand of digging (7)
 F - a wand of acid (18)
Scrolls
 e - a scroll of fear
 g - 5 scrolls of blinking
 h - 2 scrolls of remove curse
 j - 2 scrolls of enchant weapon
 k - 3 scrolls of immolation
 o - 3 scrolls of amnesia
 p - 7 scrolls of teleportation
 B - a scroll of torment
Potions
 l - a potion of mutation
 m - 6 potions of curing
 q - 2 potions of flight
 s - 3 potions of brilliance
 t - a potion of lignification
 z - a potion of might
 A - 2 potions of heal wounds
 G - a potion of cancellation
Comestibles
 d - 7 rations


   Skills:
 + Level 4.6 Fighting
 - Level 5.0(7.9) Short Blades
 - Level 8.0(9.9) Dodging
 * Level 16.1(17.6) Stealth
 - Level 4.6(6.4) Shields
 - Level 3.0 Spellcasting
 - Level 8.0 Hexes


You had 3 spell levels left.
You knew the following spells:

 Your Spells              Type           Power        Failure   Level  Hunger
a - Ensorcelled Hibernat  Hex/Ice        ###...       1%          2    ##.....
b - Confuse               Hex            ####....     1%          3    ###....
c - Tukima's Dance        Hex            ####....     1%          3    ###....
d - Dazzling Spray        Conj/Hex       ###...       3%          3    ###....
t - Corona                Hex            ####...      1%          1    None

Your spell library contained the following spells:

 Spells                   Type           Power        Failure   Level  Hunger
 Regeneration             Chrm/Necr      #.........   19%         3    ###....
 Spider Form              Tmut/Pois      #.........   19%         3    ###....
 Blade Hands              Tmut           #.........   83%         5    ######.
 Ice Form                 Ice/Tmut       #.......     50%         4    ####...
 Sticks to Snakes         Tmut           #.......     10%         2    ##.....
 Shroud of Golubria       Chrm/Tloc      #.........   10%         2    ##.....
 Beastly Appendage        Tmut           #.....       6%          1    None
 Infusion                 Chrm           #...         6%          1    None
 Song of Slaying          Chrm           #.......     10%         2    ##.....
 Spectral Weapon          Hex/Chrm       ###.....     3%          3    ###....


Dungeon Overview and Level Annotations

Branches:
Dungeon (10/15)            Temple (0/1) D:5            Lair (1/6) D:8
    Orc (0/2) D:9

Altars:
Ashenzari
Cheibriados
Kikubaaqudgha
Makhleb
Okawaru
Sif Muna
Trog
Uskayaw
Yredelemnul
The Shining One

Shops:
D:4 =   D:5 *   D:10 }


Innate Abilities, Weirdness & Mutations

You are very small and have problems with some larger weapons.
You are too small for most types of armour.
You have supernaturally acute eyesight. (SInv)
You are a herbivore.
You cover ground extremely quickly.
You need to consume almost no food.


Message History

You block the minotaur's attack.
You catch the helpless minotaur completely off-guard!
You spit the minotaur like a pig!!!
The minotaur is heavily wounded.
You barely miss the minotaur.
The minotaur is heavily wounded.
The minotaur hits you with an antimagic halberd!!
Ouch! That really hurt!
You feel your power leaking away. The minotaur gores you!!
* * * LOW HITPOINT WARNING * * *
You fade into invisibility!
You are very lightly contaminated with residual magic.
You hit the minotaur. You drain the minotaur!
The minotaur is severely wounded.
You barely miss the minotaur.
The minotaur is severely wounded.
The minotaur hits you with an antimagic halberd!!!
Ouch! That really hurt!
You die...

. *### * . # .
#<#. .* #... * **
.#.#.#.#* ### . .
, ..#.#.#. ...
..# * ,
#.#.###.###.#..##
, , #.#.. .
.#.#.. # # #.#.#
#### . .# # , #,
#H#.# § #. .. #
*, .,#@#.#§ ## .
. ## #. #.(.#,*
§..# ,# , *#
.#.###,§§#* #.. *
, . #.#.§§#§§§. #
.#, .### ## *##
.# #,# . .. ... *
* * *. ##.. *.###
# # ... . . . , ,
. . * * #,#. # #
## ,#


You could see a minotaur (blind).

Vanquished Creatures
  A spiny frog (Lair:1)
  A rime drake (Lair:1)
  2 trolls (D:10)
  A hornet (D:10)
  3 blink frogs (Lair:1)
  2 redbacks (Lab)
  A wyvern (D:8)
  A hungry ghost (D:9)
  A sky beast (D:9)
  2 ice beasts (D:8)
  A necrophage (D:7)
  6 orc warriors
  A black bear (D:10)
  A phantom (D:6)
  2 ogres
  4 centaurs
  2 crocodiles (Lair:1)
  Blork the orc (D:4)
  6 bullfrogs
  2 scorpions
  2 wyvern skeletons
  6 killer bees
  3 wights (D:6)
  A vampire bat (D:6)
  4 crimson imps
  A bullfrog zombie (D:7)
  A quasit (D:7)
  A bullfrog skeleton (D:10)
  A jelly (D:9)
  4 orc priests (D:4)
  3 hounds
  Crazy Yiuf (D:3)
  A centaur skeleton (D:8)
  5 iguanas
  4 orc wizards (D:4)
  Terence (D:3)
  7 worker ants
  A hound skeleton (D:7)
  6 gnolls
  6 adders
  A shadow imp (D:6)
  2 oozes
  An adder skeleton (D:9)
  3 worms
  A dart slug (D:3)
  8 leopard geckos
  27 orcs
  3 ball pythons
  2 bat skeletons (D:6)
  3 bat zombies (D:6)
  9 giant cockroaches
  2 gnoll zombies (D:2)
  8 goblins
  9 hobgoblins
  14 jackals
  6 quokkas
  11 bats
  3 frilled lizards
  A jackal skeleton (D:4)
  A jackal zombie (D:6)
  26 kobolds
  A leopard gecko skeleton (D:5)
  4 rats
  A plant (Lab)
247 creatures vanquished.

Vanquished Creatures (collateral kills)
  An orc knight (Bailey)
  An ogre (D:10)
  A wight (D:6)
  2 orcs (D:8)
  A hobgoblin (Bailey)
6 creatures vanquished.

Vanquished Creatures (others)
  4 dancing weapons
  A plant (Lab)
5 creatures vanquished.

Grand Total: 258 creatures vanquished

Notes
Turn   | Place    | Note
-------+----------+-------------------------------------------
     0 | D:1      | sking99 the Spriggan Enchanter began the quest for the Orb.
     0 | D:1      | Reached XP level 1. HP: 9/9 MP: 5/5
   525 | D:1      | Reached XP level 2. HP: 13/13 MP: 4/6
   539 | D:1      | Learned a level 2 spell: Ensorcelled Hibernation
  1145 | D:1      | Reached skill level 5 in Stealth
  1366 | D:2      | Reached XP level 3. HP: 16/16 MP: 3/8
  2243 | D:2      | Learned a level 3 spell: Confuse
  2393 | D:2      | Found a basalt altar of Yredelemnul.
  2830 | D:3      | Reached XP level 4. HP: 21/21 MP: 7/9
  2918 | D:3      | Found a runed door.
  2961 | D:3      | Found a glowing drain.
  2977 | Sewer    | Entered a sewer
  3808 | D:3      | Noticed Terence
  3838 | D:3      | Reached skill level 6 in Stealth
  3840 | D:3      | Killed Terence
  3840 | D:3      | Reached skill level 5 in Hexes
  3840 | D:3      | Reached XP level 5. HP: 21/24 MP: 1/10
  3946 | D:3      | Found a snail-covered altar of Cheibriados.
  4085 | D:3      | Noticed Crazy Yiuf
  4089 | D:3      | Killed Crazy Yiuf
  4399 | D:4      | Reached XP level 6. HP: 28/28 MP: 6/11
  4470 | D:4      | Noticed Blork the orc
  4477 | D:4      | Killed Blork the orc
  4477 | D:4      | Reached skill level 7 in Stealth
  4527 | D:4      | Found a glowing golden altar of the Shining One.
  4528 | D:4      | Found a shattered altar of Ashenzari.
  4530 | D:4      | Found Meulur's Jewellery Boutique.
  4754 | D:4      | Reached XP level 7. HP: 32/32 MP: 5/12
  4893 | D:4      | Reached skill level 8 in Stealth
  5496 | D:4      | Found an iron altar of Okawaru.
  5807 | D:4      | Learned a level 3 spell: Tukima's Dance
  5811 | D:4      | Learned a level 3 spell: Dazzling Spray
  5813 | D:4      | Became a worshipper of Ashenzari the Shackled
  5846 | D:5      | Entered Level 5 of the Dungeon
  5866 | D:5      | Found a bloodstained altar of Trog.
  6055 | D:5      | Found Pahaef's Assorted Antiques.
  6063 | D:5      | Bought a glowing dagger for 145 gold pieces
  6111 | D:5      | Found a staircase to the Ecumenical Temple.
  6473 | D:6      | Reached skill level 5 in Short Blades
  6594 | D:6      | Found a deep blue altar of Sif Muna.
  6804 | D:6      | Reached skill level 9 in Stealth
  6804 | D:6      | Reached skill level 1 in Shields
  6891 | D:6      | Reached XP level 8. HP: 36/36 MP: 13/13
  6922 | D:6      | Reached skill level 5 in Dodging
  7100 | D:6      | Found an ancient bone altar of Kikubaaqudgha.
  7260 | D:6      | Reached * piety under Ashenzari
  7506 | D:7      | Reached skill level 10 in Stealth
  8203 | D:7      | Found a burning altar of Makhleb.
  8571 | D:8      | Reached skill level 11 in Stealth
  8649 | D:8      | Reached XP level 9. HP: 37/39 MP: 2/14
  9492 | D:8      | Reached skill level 1 in Fighting
  9492 | D:8      | Reached skill level 12 in Stealth
  9571 | D:8      | Found a staircase to the Lair.
  9761 | D:9      | Found a hide-covered altar of Uskayaw.
  9828 | D:9      | Reached ** piety under Ashenzari
 10030 | D:9      | Found a flagged portal.
 10039 | Bailey   | Entered a bailey
 10083 | Bailey   | Noticed an orc knight
 10148 | Bailey   | Killed an orc knight
 10173 | Bailey   | Reached skill level 13 in Stealth
 10344 | Bailey   | Identified the +6 hand axe "Har Wyma" {freeze, Str+2} (You found it on level 8 of the Dungeon)
 10557 | D:9      | Found a staircase to the Orcish Mines.
 11016 | D:9      | Reached XP level 10. HP: 47/47 MP: 8/15
 11098 | D:10     | Entered Level 10 of the Dungeon
 11105 | D:10     | Found Ysmomu's Gadget Shoppe.
 11364 | D:10     | Reached skill level 14 in Stealth
 11911 | Lair:1   | Entered Level 1 of the Lair of Beasts
 11930 | Lair:1   | Reached skill level 15 in Stealth
 12047 | Lair:1   | Reached *** piety under Ashenzari
 12047 | Lair:1   | Found a labyrinth entrance.
 12062 | Lair:1   | Noticed a spiny frog
 12070 | Lair:1   | Killed a spiny frog
 12085 | Lab      | Entered a labyrinth
 12605 | Lab      | Reached skill level 16 in Stealth
 12801 | Lab      | Noticed a minotaur
 12817 | Lab      | HP: 2/51 [minotaur/antimagic halberd (19)]
 12820 | Lab      | Annihilated by a minotaur

Vault maps used:
D:1:      evilmike_arrival_plus
D:2:      lemuel_zombie_altar_yredelemnul, first_ration
D:3:      kennysheep_slug_shrine, portal_sewer_entry_e, uniq_terence,
          uniq_crazy_yiuf_cottage
D:4:      grunt_temple_overflow_open, serial_shops, shop_statue,
          hangedman_abyss_or_decor_stabs, grunt_decor_resistance,
          okawaru_altar_gauntlet_db, uniq_blork_the_orc
D:5:      lightli_temple_of_fire, minmay_temple_entry_butterflies, serial_shops,
          shop
D:6:      kennysheep_vampire_church, overflow_temple_1_default
D:7:      makhleb_blood_cavern_becter
D:8:      lair_entry_dummy, grunt_ogre_cave
D:9:      old_standard_altar, orc_0_dummy, enter_bailey_2
D:10:     serial_shops, shop
Lair:1:   lab_entry_generic, grunt_megastairs_4, infiniplex_staircase_pool_2,
          lemuel_fruit_fields
Lab:      labyrinth_mini_lab, labyrinth_skeletal_remains, labyrinth_lava_lair,
          nicolae_lab_garden
Sewer:    sewer_fruit_machine
Bailey:   bailey_axe_1, bailey

Skill      XL: |  1  2  3  4  5  6  7  8  9 10 |
---------------+-------------------------------+-----
Spellcasting   | 3 |  3.0
Hexes          | 4 5 6 7 8 |  8.0
Stealth        | 5 6 7 9 11 13 16 | 16.1
Short Blades   | 2 3 4 5 |  5.0
Dodging        | 4 7 8 |  8.0
Shields        | 1 2 4 |  4.6
Fighting       | 2 4 |  4.6

Action                   |  1- 3 |  4- 6 |  7- 9 | 10-12 || total
-------------------------+-------+-------+-------+-------++-------
Melee: Dagger            |   111 |    70 |   392 |   412 ||   985
 Cast: Corona            |     1 |       |       |       ||     1
       Ensorcelled Hiber |    44 |    40 |    99 |    21 ||   204
       Confuse           |     3 |     1 |    17 |     3 ||    24
       Dazzling Spray    |       |       |     5 |    12 ||    17
       Tukima's Dance    |       |       |    18 |     2 ||    20
Invok: Curse Item        |       |       |     4 |       ||     4
  Use: Scroll            |       |     9 |     7 |     8 ||    24
       Potion            |       |       |     3 |     1 ||     4
 Stab: Sleeping          |    29 |    50 |    64 |    21 ||   164
       Confused          |     1 |       |    13 |     3 ||    17
       Distracted        |       |       |     1 |       ||     1
       Invisible         |       |       |       |     2 ||     2
  Eat: Ration            |     1 |     2 |     8 |     3 ||    14
Armor: Robe              |    17 |     9 |    25 |     3 ||    54
Dodge: Dodged            |    82 |    55 |   339 |    82 ||   558
Block: Buckler           |       |       |   148 |    40 ||   188

Table legend:
 A = Spawn XP
 B = Non-spawn XP
 C = Spawn XP percentage of total XP
 D = Spawn monster count
 E = Non-spawn monster count
 F = Spawn count percentage of total count
 G = Total turns spent on level
                    A         B        C        D         E        F      G
               +---------+---------+-------+---------+---------+-------+---------
         Total |       0 |    9652 |   0.0 |       0 |     252 |   0.0 | 12820
               +---------+---------+-------+---------+---------+-------+---------
           D:1 |       0 |      39 |   0.0 |       0 |      23 |   0.0 |  1359
           D:2 |       0 |      45 |   0.0 |       0 |      16 |   0.0 |  1274
           D:3 |       0 |     121 |   0.0 |       0 |      19 |   0.0 |  1296
           D:4 |       0 |     591 |   0.0 |       0 |      33 |   0.0 |  1352
           D:5 |       0 |      78 |   0.0 |       0 |       4 |   0.0 |   606
           D:6 |       0 |     793 |   0.0 |       0 |      19 |   0.0 |   975
           D:7 |       0 |     701 |   0.0 |       0 |      16 |   0.0 |  1061
           D:8 |       0 |    1331 |   0.0 |       0 |      32 |   0.0 |  1231
           D:9 |       0 |     850 |   0.0 |       0 |      14 |   0.0 |  1118
          D:10 |       0 |    1717 |   0.0 |       0 |      18 |   0.0 |   580
        Lair:1 |       0 |    1768 |   0.0 |       0 |       7 |   0.0 |   174
           Lab |       0 |     432 |   0.0 |       0 |       2 |   0.0 |   735
         Sewer |       0 |      52 |   0.0 |       0 |      17 |   0.0 |   565
        Bailey |       0 |    1134 |   0.0 |       0 |      32 |   0.0 |   494
               +---------+---------+-------+---------+---------+-------+---------
